 Dungeon Crawl Stone Soup version 0.31-a0-806-g0bc164a743 (webtiles) character file.

Game seed: 5038734584328325675

653 quakins the Changeling (level 7, -2/61 HPs)
             Began as a Troll Shapeshifter on Sept 19, 2023.
             Slain by an ogre
             ... wielding a +0 giant club
              (29 damage)
             ... on level 5 of the Dungeon on Sept 21, 2023.
             The game lasted 00:05:19 (3165 turns).

quakins the Changeling (Troll Shapeshifter)         Turns: 3165, Time: 00:05:20

Health: -2/61      AC:  4    Str: 25    XL:     7   Next: 28%
Magic:  6/6        EV:  9    Int:  6    God:
Gold:   165        SH:  0    Dex:  9    Spells: 6/6 levels left

rFire   . .          .
                       - Unarmed
rCold   . . .        (no shield)
rNeg    . . .        a - +0 animal skin
rPois   .            (helmet currently unavailable)
rElec   .            (cloak currently unavailable)
rCorr   .            (gloves unavailable)
SInv    .            (boots unavailable)
Will    .....        (no amulet)
Stlth   +            (no ring)
HPRegen 1.10/turn    (no ring)
MPRegen 0.10/turn

%: no passive effects
@: beast-form
A: beast (slay +3), large, unfitting armour, claws 3, regeneration 1, shaggy fur
1, tough skin 1
a: Begin Untransformation


You were on level 5 of the Dungeon.
You were a hulking beast.
You visited 1 branch of the dungeon, and saw 5 of its levels.

You collected 165 gold pieces.

Inventory:

Missiles
 o - a throwing net
Armour
 a - a +0 animal skin (worn)
Jewellery
 l - a ring of flight
 w - a ring of poison resistance
Talismans
 c - a beast talisman (active)
 d - a flux talisman
 t - a blade talisman
Wands
 z - a wand of flame (6)
Scrolls
 b - a scroll of fear {unknown}
 f - a scroll of blinking {unknown}
 g - a scroll of enchant armour {unknown}
 j - 3 scrolls of identify {unknown}
 k - 3 scrolls of teleportation {unknown}
 p - a scroll of vulnerability {unknown}
 s - a scroll of noise {unknown}
 v - a scroll of fog {unknown}
 y - a scroll of amnesia {unknown}
Potions
 e - 2 potions of enlightenment {unknown}
 h - 3 potions of mutation {unknown}
 i - a potion of haste {unknown}
 m - 2 potions of curing {unknown}
 n - a potion of attraction {unknown}
 q - a potion of might {unknown}
 r - a potion of invisibility {unknown}
 u - 2 potions of heal wounds {unknown}
 x - a potion of lignification


   Skills:
 - Level 0.7 Fighting
 - Level 1.5 Dodging
 - Level 6.0 Unarmed Combat
 + Level 6.3 Shapeshifting


You had 6 spell levels left.
You didn't know any spells.
Your spell library contained the following spells:

 Spells                   Type           Power      Damage    Failure   Level
 Blink                    Tloc           0%         N/A       58%         2
 Lesser Beckoning         Tloc           0%         N/A       58%         2
 Momentum Strike          Conj/Tloc      0%         3d8       58%         2
 Gell's Gravitas          Tloc           0%         N/A       83%         3
 Stone Arrow              Conj/Erth      0%         3d7       83%         3
 Teleport Other           Tloc           0%         N/A       83%         3
 Animate Armour           Summ/Erth      0%         N/A       99%         4
 Lehudib's Crystal Spear  Conj/Erth      0%         10d2      100%        8


Dungeon Overview and Level Annotations

Branches:
Dungeon (5/15)
 Temple: D:4-7

Altars:
Dithmenos

Annotations:
D:5 Ijyb


Innate Abilities, Weirdness & Mutations

You are a hulking beast.
Your limbs bulge with bestial killing power. (Slay +3)
You are too large for most types of armour.
You have claws for hands.
Your natural rate of healing is unusually fast.
You are covered in fur. (AC +1)
You have tough skin. (AC +1)


Message History

Things that are here:
a +0 flail of protection; an orc corpse
u - 2 emerald potions (gained 1)
You now have 162 gold pieces (gained 9).
Found a trident.
You now have 165 gold pieces (gained 3).
You see here a +0 trident.
z - a wand of flame (6)
The howler monkey howls!
A howler monkey is nearby!
A howler monkey is nearby!
A howler monkey is nearby!
The ogre shouts!
The howler monkey barely misses you.
The howler monkey hoots and howls with incredible vigour!
You hear a shout!
You claw the howler monkey! Your claw misses the howler monkey.
The howler monkey is heavily wounded.
The howler monkey hits you but does no damage.
You claw the howler monkey!
You kill the howler monkey!
You scratch the ogre.
The ogre is moderately wounded.
The ogre barely misses you.
You mangle the ogre!!
The ogre is almost dead.
You barely miss the ogre.
The ogre is almost dead.
The ogre hits you with a +0 giant club!!
You closely miss the ogre.
The ogre is almost dead.
You scratch the ogre but do no damage.
The ogre is almost dead.
The ogre hits you with a +0 giant club!!
You barely miss the ogre.
The ogre is almost dead.
You scratch the ogre.
The ogre is almost dead.
The ogre hits you with a +0 giant club!!
You die...

................
...........g.......
..#.........s...#....
#.#..........h..# #..
#.#.............# .
#.#.....).......#
#?..............#
#...O..........#
#..h...........#
#..........
#.############## #.##
#......#
#..######......#####
##.....##...........
#####.##...........
###.##...........
#...............#


You could see an ogre.

Vanquished Creatures
  A water moccasin (D:3)
  A black bear (D:4)
  A phantom (D:4)
  2 scorpions (D:4)
  A howler monkey (D:5)
  A jelly (D:4)
  An iguana (D:4)
  An orc wizard (D:5)
  5 adders
  An ufetubus (D:3)
  3 dart slugs
  14 orcs
  7 ball pythons
  7 endoplasms
  2 giant cockroaches
  8 goblins
  6 hobgoblins
  6 jackals (D:2)
  3 quokkas
  4 bats
  2 frilled lizards (D:1)
  4 kobolds
  6 rats
87 creatures vanquished.

Notes
Turn   | Place    | Note
-------+----------+-------------------------------------------
     0 | D:1      | quakins the Troll Shapeshifter began the quest for the Orb.
     0 | D:1      | Reached XP level 1. HP: 18/18 MP: 0/0
     0 | D:1      | Upgraded the game from 0.31-a0-799-g6bc09d010c to
                  | 0.31-a0-806-g0bc164a743
   106 | D:1      | Reached XP level 2. HP: 24/26 MP: 1/1
   799 | D:2      | Reached XP level 3. HP: 32/32 MP: 2/2
  1024 | D:2      | Reached skill level 5 in Unarmed Combat
  1024 | D:2      | Reached XP level 4. HP: 40/40 MP: 3/3
  2086 | D:3      | Noticed a water moccasin
  2090 | D:3      | Killed a water moccasin
  2091 | D:3      | Reached XP level 5. HP: 46/46 MP: 4/4
  2483 | D:4      | Noticed a black bear
  2492 | D:4      | Killed a black bear
  2493 | D:4      | Reached XP level 6. HP: 45/54 MP: 5/5
  2512 | D:4      | Identified the +6 dagger "Biptijur" {flame, rCorr}
  2693 | D:4      | Reached skill level 5 in Shapeshifting
  2731 | D:4      | Found a shadowy altar of Dithmenos.
  2798 | D:4      | Reached XP level 7. HP: 61/61 MP: 6/6
  2915 | D:5      | Entered Level 5 of the Dungeon
  2915 | D:5      | Noticed Ijyb
  3165 | D:5      | Slain by an ogre

Illustrated notes

Levels and vault maps discovered:
D:1:      saegor_arrival_simple_c, layout_basic, serial_forest,
          infiniplex_forest_clump_medium, infiniplex_forest_clump_double,
          infiniplex_forest_lined_room_2, infiniplex_forest_lined_3_way,
          infiniplex_forest_clump_double, infiniplex_forest_diagonal,
          infiniplex_forest_lined_2, infiniplex_forest_side_room,
          infiniplex_forest_straight_5
D:2:      layout_basic, minmay_unequal
D:3:      layout_basic
D:4:      corexii_shack_village, layout_basic, nicolae_overflow_hidden_temple
D:5:      minmay_chambers_of_threes, layout_basic,
          mainiacjoe_overflow_surrounded_room, temple_statues,
          minmay_divided_ellipse, uniq_ijyb

Skill      XL: |  1  2  3  4  5  6  7 |
---------------+----------------------+-----
Unarmed Combat | 4 5 6 |  6.0
Shapeshifting  | 4 5 6 |  6.3
Fighting       | |  0.7
Dodging        | |  1.5

Action                     |  1- 3 |  4- 6 |  7- 9 || total
---------------------------+-------+-------+-------++-------
  Melee: Unarmed           |    94 |    86 |    36 ||   216
         Punch             |       |     1 |     1 ||     2
    Use: Potion            |       |     1 |       ||     1
   Stab: Sleeping          |     2 |       |     1 ||     3
 Armour: Animal skin       |    71 |    50 |    22 ||   143
         Skin              |       |     3 |       ||     3
  Dodge: Dodged            |    40 |    36 |    13 ||    89

Table legend: (Time is in decaauts)
 A = Elapsed time spent in this place.
 B = Non-inter-level travel time spent in this place.
 C = Inter-level travel time spent in this place.
 D = Time resting spent in this place.
 E = Time spent auto-exploring this place.
 F = Levels seen in this place.
 G = Mean time per level.
                   A        B        C        D        E       F      G
               +--------+--------+--------+--------+--------+-----+--------+
         Total |   3144 |   2861 |    283 |    354 |   1963 |   5 |  628.8 |
       Dungeon |   3144 |   2861 |    283 |    354 |   1963 |   5 |  628.8 |
               +--------+--------+--------+--------+--------+-----+--------+

Top non-repeatable levels by time:
     D:3: 1028 daAuts
     D:4: 722 daAuts
     D:2: 678 daAuts
     D:1: 642 daAuts
     D:5: 71 daAuts
